AoeStats
← Rafaelbdoo

Nomad

505987363Analyzed
2v2 RM · 22d ago on Sep 11, 2026· 57m 45s· 4 players
Game mode
Random Map
Map size
176×176
Population
200
Speed
Normal
Resources
Standard
Victory
Conquest
Starting age
Dark Age
Ending age
Imperial Age
RankedLock teamsTeams togetherTeam positionsShared explorationLock speedFull tech treeHidden civsTurbo modeCheats
Victory
Defeat
🇹🇼 Poles · Taiwan
889
+18
🇲🇽 Lithuanians · Mexico
880
+19
🇨🇿 Teutons · Czechia
955
-19
🇧🇷 Slavs · Brazil
929
-47
jorge_luis_sh
3:09 Loom
3:14 Loom
5:52 Loom
6:10 Loom
6:27 Loom
7:05 Loom
14:46 Feudal Age
16:20 Wheelbarrow
15:32 Double-Bit Axe
15:36 Town Watch
15:38 Fishing Lines
19:49 Gold Mining
19:50 Stone Mining
21:17 Horse Collar
23:47 Castle Age
22:05 Forging
21:58 Scale Mail Armor
21:37 Man-at-Arms
22:04 Arson
23:49 Bloodlines
23:47 Scale Barding Armor
23:33 Fletching
24:20 Padded Archer Armor
24:56 Bodkin Arrow
27:15 Hand Cart
27:04 Gillnets
27:34 Fervor
28:28 Bow Saw
31:17 Hill Forts
32:59 Iron Casting
33:25 Husbandry
35:18 Chain Barding Armor
36:05 Town Patrol
37:46 Chain Mail Armor
41:15 Imperial Age
39:25 Heavy Plow
40:08 Leather Archer Armor
42:16 Stone Shaft Mining
41:22 Elite Leitis
42:25 Conscription
45:04 Masonry
46:07 Chemistry
45:57 Block Printing
45:54 Tower Shields
46:29 Bracer
47:36 Two-Man Saw
47:20 Crop Rotation
46:43 Treadmill Crane
47:24 Ballistics
47:36 Architecture
50:05 Plate Barding Armor
51:04 Ring Archer Armor
50:52 Cavalier
50:53 Light Cavalry
52:47 Hoardings
55:18 Bombard Tower
54:49 Guard Tower
55:17 Fortified Wall
55:20 Medium Warships
54:32 Elite Cannon Galleon
55:46 Murder Holes
55:57 Atonement
56:07 Redemption
56:31 Pikeman
57:12 Squires
57:25 Halberdier
57:27 Elite Skirmisher
57:28 Heavy Cavalry Archer
57:29 Crossbowman
58:14 Thumb Ring
Longoooooo
11:50 Loom
15:52 Feudal Age
17:32 Wheelbarrow
21:34 Castle Age
20:50 Double-Bit Axe
23:56 Light Cavalry
25:16 Fletching
36:37 Crossbowman
43:04 Forging
43:59 Horse Collar
44:48 Bodkin Arrow
47:47 Imperial Age
47:52 Winged Hussar
50:12 Heavy Plow
50:07 Town Watch
51:52 Scale Barding Armor
52:09 Cavalier
55:28 Bloodlines
55:18 Husbandry
Rafaelbdoo
16:13 Feudal Age
25:00 Castle Age
25:24 Scale Mail Armor
37:04 Loom
46:43 Pikeman
58:17 Detinets
poruba15
4:54 Loom
18:57 Feudal Age
20:18 Stone Mining
20:16 Horse Collar
20:31 Double-Bit Axe
21:39 Gold Mining
22:36 Wheelbarrow
25:35 Castle Age
23:44 Fletching
25:50 Town Watch
25:58 Pikeman
31:51 Hand Cart
31:37 Town Patrol
31:54 Heavy Plow
38:00 Imperial Age
48:57 Cavalier
49:48 Bloodlines
54:02 Forging
53:58 Scale Barding Armor
53:54 Padded Archer Armor
53:54 Scale Mail Armor
54:16 Bodkin Arrow
57:28 Iron Casting
Connection lost

Rejoining the realm…

Still unreachable

The connection could not be restored.

Session expired

The server has moved on; the page needs a fresh start.